 Dungeon Crawl Stone Soup version 0.30-a0-778-g2ef04afb54 (webtiles) character file.

Game seed: 9102072660706757488

3782 Ceno the Basher (level 9, 0/79 (83) HPs)
             Began as an Armataur Warper on Feb 17, 2023.
             Was a High Priest of Zin.
             Slain by a wight
             ... wielding a +0 morningstar
              (1 damage)
             ... on level 8 of the Dungeon.
             The game lasted 00:23:41 (7959 turns).

Ceno the Basher (Armataur Warper)                   Turns: 7959, Time: 00:23:42

HP:   0/79 (83)     AC: 11    Str: 24    XL:     9   Next: 95%
MP:   9/12          EV:  9    Int: 16    God:    Zin [*****.]
Gold: 434           SH:  0    Dex: 10    Spells: 4/12 levels left

rFire   . . .      SeeInvis .    o - +0 flail
rCold   . . .      Faith    .    i - orb {light}
rNeg    . . .      Spirit   .    b - +0 leather armour
rPois   .          Reflect  .    (no helmet)
rElec   .          Harm     .    v - +2 cloak
rCorr   .          Roll     +    (no gloves)
Will    .....                    (no barding)
Stlth   +                        G - amulet of regeneration
HPRegen 1.13/turn                I - +4 ring of protection
MPRegen 0.13/turn                K - +6 ring of strength

@: on recite cooldown, glowing, lightly drained
A: large, rugged brown scales 3, deformed body, armoured tail, roll, long
tongue, awkward tongue
a: Renounce Religion, Recite, Vitalisation, Imprison, Sanctuary, Donate Gold


You were on level 8 of the Dungeon.
You worshipped Zin.
Zin was extremely pleased with you.
You visited 2 branches of the dungeon, and saw 9 of its levels.

You collected 482 gold pieces.
You donated 48 gold pieces to Zin.

Inventory:

Hand Weapons
 o - a +0 flail (weapon)
Missiles
 a - 3 poisoned darts
 d - 5 boomerangs of dispersal
 g - 2 silver javelins
 t - 20 stones (quivered)
 y - 2 boomerangs
 C - 6 javelins
 E - 2 throwing nets
Armour
 b - a +0 leather armour (worn)
 f - a +0 ring mail
 i - an orb of light (worn)
 v - a +2 cloak (worn)
Jewellery
 n - a ring of ice
 G - an amulet of regeneration (around neck)
 I - a +4 ring of protection (left hand)
 K - a +6 ring of strength (right hand)
Scrolls
 c - 2 scrolls of blinking
 h - 2 scrolls of immolation
 p - a scroll of brand weapon {unknown}
 q - a scroll of fear {unknown}
 r - 5 scrolls of teleportation
 u - a scroll of amnesia {unknown}
 w - a scroll of poison {unknown}
 z - a scroll of fog
 D - a scroll of magic mapping {unknown}
 F - a scroll of summoning {unknown}
 H - a scroll of torment {unknown}
 J - a scroll of vulnerability {unknown}
Potions
 e - 5 potions of curing
 j - a potion of heal wounds
 k - 2 potions of magic
 l - 2 potions of attraction
 m - 2 potions of lignification
 s - a potion of might
 x - a potion of degeneration
 A - 2 potions of berserk rage
 B - a potion of ambrosia {unknown}
 L - 2 potions of mutation
 M - 2 potions of resistance {unknown}


   Skills:
 + Level 6.8 Fighting
 + Level 8.4 Maces & Flails
 - Level 0.8 Throwing
 - Level 1.2 Armour
 - Level 1.3 Dodging
 - Level 2.0 Spellcasting
 - Level 6.0 Translocations
 + Level 4.0 Air Magic
 + Level 4.6 Invocations


You had 4 spell levels left.
You knew the following spells:

 Your Spells              Type           Power      Damage    Failure   Level
a - Blink                 Tloc           40%        N/A       3%          2
b - Teleport Other        Tloc           20%        N/A       6%          3
c - Vhi's Electric Charg  Tloc/Air       34%        N/A       9%          3

Your spell library contained the following spells:

 Spells                   Type           Power      Damage    Failure   Level
 Lesser Beckoning         Tloc           40%        N/A       3%          2
 Manifold Assault         Tloc           20%        N/A       21%         4
 Frozen Ramparts          Ice            2%         1d1       56%         3
 Inner Flame              Hex/Fire       1%         N/A       56%         3
 Anguish                  Hex/Necr       0%         N/A       93%         4
 Flame Wave               Conj/Fire      1%         2d4       93%         4
 Ice Form                 Ice/Tmut       1%         N/A       93%         4
 Sticky Flame             Conj/Fire      1%         2d3       93%         4
 Summon Ice Beast         Ice/Summ       1%         N/A       93%         4
 Enfeeble                 Hex            0%         N/A       100%        7


Dungeon Overview and Level Annotations

Branches:
Dungeon (8/15)             Temple (1/1) D:7
   Lair: D:8-11

Altars:
Fedhas
Hepliaklqana
Kikubaaqudgha
Okawaru
Qazlal
Sif Muna
Trog
Uskayaw
Vehumet
Wu Jian
Xom
Yredelemnul
Zin
The Shining One

Shops:
D:3 [


Innate Abilities, Weirdness & Mutations

You are completely covered in rugged brown scales. (AC +3, +7% HP)
Armour fits poorly on your strangely shaped body.
You have a long armoured tail.
You roll when moving toward enemies. (Rampage)
Your long tongue fully drains potion bottles. (2x potion effects)
Your tongue gives you trouble enunciating. (1.5x scroll delay)


Message History

Zin accepts your kill.
You can now call upon Zin to create a sanctuary.
You hit the wight but do no damage. The wight misses you.
You hit the wight but do no damage. You tail-slap the wight!
The wight is heavily damaged.
The wight hits you with a +4 long sword!
You feel drained.
You sock the wight!
You destroy the wight!
Zin accepts your kill.
You hit the wight.
The wight is moderately damaged.
The wight misses you.
You hit the wight but do no damage.
You tail-slap the wight, but do no damage.
The wight is moderately damaged.
The wight barely misses you.
A wight comes into view. It is wielding a +2 falchion.
You sock the wight!
The wight is severely damaged.
The wight hits you with a +1 battleaxe!
* * * LOW HITPOINT WARNING * * *
You sock the wight!
You destroy the wight!
Zin accepts your kill.
Casting: Vhi's Electric Charge (dangerous; 9% risk of failure)
Confirm with . or Enter, or press ? or * to list all spells.
Charge where?
Press: ? - help, Dir - move target, f - wight
Aim: a wight, wielding a +0 morningstar and wearing a +0 robe (haloed, 97% to hit)
You charge forward with an electric crackle!
You completely miss the wight.
The wight hits you with a +0 morningstar!
* * * LOW HITPOINT WARNING * * *
You hit the wight but do no damage.
You tail-slap the wight, but do no damage.
The wight hits you with a +0 morningstar.
* * * LOW HITPOINT WARNING * * *
You feel drained.
You die...

## #. . #.
... #.
.....#.#####
....z..z@○.#
#.##.#.###.#
#. ... #.
.### #+ #. .
.# .#


You could see 2 wights.

Vanquished Creatures
  A boulder beetle (D:7)
  Eustachio (D:5)
  5 yaks (D:8)
  Edmund (D:6)
  A water moccasin (D:6)
  An orc warrior (D:6)
  2 black bears
  An ice beast (D:7)
  A sky beast (D:6)
  5 ogres
  2 centaurs
  2 scorpions
  3 wights (D:8)
  A howler monkey (D:7)
  5 hounds
  2 jellies
  5 orc priests
  2 iguanas (D:5)
  Terence (D:3)
  3 orc wizards
  6 gnolls
  10 adders
  An ufetubus (D:4)
  5 dart slugs
  39 orcs
  2 ball pythons
  11 bats
  5 endoplasms
  2 giant cockroaches
  4 hobgoblins
  6 jackals
  2 quokkas
  7 frilled lizards
  6 goblins
  2 kobolds
  5 rats
158 creatures vanquished.

Vanquished Creatures (others)
  2 demonic plants (D:2)
2 creatures vanquished.

Grand Total: 160 creatures vanquished

Notes
Turn   | Place    | Note
-------+----------+-------------------------------------------
     0 | D:1      | Ceno the Armataur Warper began the quest for the Orb.
     0 | D:1      | Reached XP level 1. HP: 18/18 MP: 3/3
   239 | D:1      | Reached skill level 2 in Maces & Flails
   329 | D:1      | Reached XP level 2. HP: 25/25 MP: 4/4
   353 | D:1      | Learned a level 2 spell: Blink
   808 | D:2      | Found a faded altar of an unknown god.
   925 | D:2      | Reached XP level 3. HP: 29/31 MP: 6/6
  1373 | D:2      | Reached skill level 3 in Maces & Flails
  1502 | D:2      | Reached XP level 4. HP: 39/39 MP: 7/7
  1894 | D:3      | Found a faded altar of an unknown god.
  1898 | D:3      | Found a shimmering altar of Xom.
  1902 | D:3      | Prayed at the altar of an unknown god.
  1902 | D:3      | Became a worshipper of Zin the Law-Giver
  1902 | D:3      | Reached * piety under Zin
  1902 | D:3      | Reached ** piety under Zin
  2235 | D:3      | Noticed Terence
  2247 | D:3      | Killed Terence
  2248 | D:3      | Reached XP level 5. HP: 21/47 MP: 8/8
  2695 | D:3      | Found Voodgh's Antique Armour Shop.
  3109 | D:4      | Reached skill level 4 in Maces & Flails
  3159 | D:4      | Noticed a black bear
  3467 | D:4      | Reached XP level 6. HP: 54/54 MP: 9/9
  4061 | D:5      | Entered Level 5 of the Dungeon
  4235 | D:5      | Reached skill level 5 in Maces & Flails
  4276 | D:5      | Reached XP level 7. HP: 57/62 MP: 10/10
  4578 | D:5      | Reached *** piety under Zin
  4626 | D:5      | Noticed Eustachio
  4687 | D:5      | Killed Eustachio
  4688 | D:5      | Reached skill level 5 in Translocations
  5262 | D:5      | Reached skill level 6 in Maces & Flails
  5503 | D:6      | Noticed Edmund
  5524 | D:6      | Killed Edmund
  5525 | D:6      | Reached XP level 8. HP: 57/71 MP: 8/11
  6073 | D:6      | Reached skill level 5 in Fighting
  6073 | D:6      | Reached skill level 7 in Maces & Flails
  6210 | D:6      | Learned a level 3 spell: Teleport Other
  6214 | D:6      | Learned a level 3 spell: Vhi's Electric Charge
  6236 | D:6      | Reached **** piety under Zin
  6396 | D:6      | Reached skill level 1 in Invocations
  6556 | D:6      | Reached skill level 1 in Air Magic
  7020 | D:7      | Found a basalt altar of Yredelemnul.
  7129 | D:7      | Reached XP level 9. HP: 46/80 MP: 10/12
  7176 | D:7      | Found a staircase to the Ecumenical Temple.
  7191 | Temple   | Entered the Ecumenical Temple
  7524 | D:7      | Reached ***** piety under Zin
  7553 | D:7      | Noticed a boulder beetle
  7580 | D:7      | Killed a boulder beetle
  7846 | D:8      | Noticed a manticore
  7913 | D:8      | Reached skill level 8 in Maces & Flails
  7959 | D:8      | HP: 1/80 [wight/+0 morningstar (6)]
  7959 | D:8      | Slain by a wight

Illustrated notes

Levels and vault maps discovered:
D:1:      amcnicky_arrival_underground_garden, layout_loops_ring
D:2:      layout_loops_ring, shapermc_ecumenical_altar_gd,
          grunt_decor_resistance
D:3:      layout_basic, nicolae_overflow_ecumenical_swirl, serial_shops, shop,
          uniq_terence
D:4:      layout_basic
D:5:      layout_basic, minmay_a_box_with_orc_wizards_in_it, uniq_eustachio
D:6:      layout_basic, grunt_ministairs_10, dreamdust_wishing_well, uniq_edmund
D:7:      layout_rooms, lemuel_crystal_altar,
          minmay_temple_entry_statues_pillars
D:8:      layout_loops_corners, mainiacjoe_overflow_six_doors_small,
          slow_altar_1
Temple:   chequers_temple_sunken

Skill      XL: |  1  2  3  4  5  6  7  8  9 |
---------------+----------------------------+-----
Maces & Flails | 2 3 4 5 6 7 8 |  8.4
Fighting       | 2 3 4 5 6 |  6.8
Spellcasting   | 2 |  2.0
Translocations | 4 5 6 |  6.0
Invocations    | 2 4 |  4.6
Air Magic      | 1 4 |  4.0
Throwing       | |  0.8
Armour         | |  1.2
Dodging        | |  1.3

Action                     |  1- 3 |  4- 6 |  7- 9 || total
---------------------------+-------+-------+-------++-------
  Melee: Mace              |    80 |    71 |       ||   151
         Tailslap          |    10 |    18 |    62 ||    90
         Flail             |       |    58 |   352 ||   410
  Throw: Dart              |       |     6 |    10 ||    16
         Stone             |       |     3 |     7 ||    10
         Boomerang         |       |       |     2 ||     2
   Cast: Blink             |     1 |     1 |     4 ||     6
         Vhi's Electric Ch |       |       |     9 ||     9
 Invoke: Recite            |       |     2 |     7 ||     9
         Vitalisation      |       |       |     1 ||     1
    Use: Scroll            |       |     6 |     6 ||    12
         Potion            |       |       |     2 ||     2
   Stab: Confused          |       |     1 |     3 ||     4
 Armour: Leather armour    |    34 |    47 |   144 ||   225
  Dodge: Dodged            |    36 |    44 |   185 ||   265

Table legend: (Time is in decaauts)
 A = Elapsed time spent in this place.
 B = Non-inter-level travel time spent in this place.
 C = Inter-level travel time spent in this place.
 D = Time resting spent in this place.
 E = Time spent auto-exploring this place.
 F = Levels seen in this place.
 G = Mean time per level.
                   A        B        C        D        E       F      G
               +--------+--------+--------+--------+--------+-----+--------+
         Total |   8048 |   7654 |    394 |    825 |   4877 |   9 |  894.2 |
       Dungeon |   7875 |   7509 |    366 |    825 |   4738 |   8 |  984.4 |
        Temple |    173 |    145 |     28 |      0 |    139 |   1 |  173.0 |
               +--------+--------+--------+--------+--------+-----+--------+

Top non-repeatable levels by time:
     D:4: 1486 daAuts
     D:6: 1456 daAuts
     D:3: 1160 daAuts
     D:5: 1131 daAuts
     D:2: 1127 daAuts
     D:7: 693 daAuts
     D:1: 673 daAuts
  Temple: 173 daAuts
     D:8: 146 daAuts
